 Seeded DCSS version 0.30-a0-879-ga8ba668304 (webtiles) character file.

Game seed: 20230311 (custom seed)

53 a11behringer the Conjurer (level 3, 0/22 HPs)
             Began as a Gargoyle Reaver on Mar 14, 2023.
             Was a High Priest of Ignis.
             Slain by Natasha (1 damage)
             ... on level 2 of the Dungeon.
             The game lasted 00:05:11 (1354 turns).

a11behringer the Conjurer (Gargoyle Reaver)         Turns: 1354, Time: 00:05:12

Health: 0/22       AC:  9    Str: 15    XL:     3   Next: 87%
Magic:  6/6        EV:  9    Int: 15    God:    Ignis [*****.]
Gold:   117        SH:  0    Dex:  8    Spells: 5/6 levels left

rFire   + . .      SeeInvis .    a - +0 mace
rCold   . . .      Faith    .    (no shield)
rNeg    + . .      Spirit   .    h - +0 scale mail
rPois   ∞          Reflect  .    (no helmet)
rElec   +          Rampage  .    (no cloak)
rCorr   .                        (no gloves)
Will    .....                    (no boots) Stlth
                                 (no amulet)
HPRegen 0.23/turn                (no ring)
MPRegen 0.10/turn                (no ring)

@: slowed, very slow
A: sickness immunity, AC +3, negative energy resistance 1, electricity
resistance, torment resistance 1, petrification resistance
a: Renounce Religion, Fiery Armour, Foxfire Swarm, Rising Flame


You were on level 2 of the Dungeon.
You worshipped Ignis.
Ignis was extremely pleased with you.
You visited 1 branch of the dungeon, and saw 2 of its levels.

You collected 117 gold pieces.

Inventory:

Hand Weapons
 a - a +0 mace (weapon)
 o - the +0 hand axe "Yluge" {drain, +Blink rF+ Stlth-}
   (You found it on level 2 of the Dungeon)

   rF:        It protects you from fire.
   +Blink:    It lets you blink.
   Stlth:     It makes you less stealthy.
Armour
 b - a +0 leather armour
 h - a +0 scale mail (worn)
Scrolls
 e - 2 scrolls of identify {unknown}
 f - a scroll of butterflies {unknown}
 g - a scroll of teleportation {unknown}
 i - a scroll of blinking {unknown}
 k - a scroll of enchant armour {unknown}
 m - a scroll of enchant weapon {unknown}
Potions
 c - 2 potions of heal wounds {unknown}
 d - a potion of lignification {unknown}
 j - a potion of cancellation {unknown}
 l - 2 potions of might {unknown}
 n - a potion of flight {unknown}


   Skills:
 + Level 2.5 Fighting
 * Level 3.6 Maces & Flails
 + Level 1.1 Armour
 + Level 1.9 Dodging
 + Level 2.2 Spellcasting
 * Level 3.6 Conjurations


You had 5 spell levels left.
You knew the following spells:

 Your Spells              Type           Power      Damage    Failure   Level
a - Kiss of Death         Conj/Necr      28%        2d7       38%         1

Your spell library contained the following spells:

 Spells                   Type           Power      Damage    Failure   Level
 Momentum Strike          Conj/Tloc      14%        3d8       54%         2
 Hailstorm                Conj/Ice       7%         3d4       77%         3


Dungeon Overview and Level Annotations

Branches:
Dungeon (2/15)

Altars:
Nemelex Xobeh
Ignis

Annotations:
D:2 Natasha


Innate Abilities, Weirdness & Mutations

You are immune to sickness and miasma.
Your stone body is resilient. (AC +3)
You are immune to poison.
You resist negative energy. (rN+)
You are resistant to electric shocks. (rElec)
You are resistant to unholy torment.
You are immune to petrification.


Message History

Natasha claws you but does no damage. x2
You closely miss Natasha.
Natasha is moderately wounded.
Natasha claws you.
You are too injured to fight recklessly!
You are too injured to fight recklessly!
You are too injured to fight recklessly!
You are too injured to fight recklessly!
You are too injured to fight recklessly!
You hit Natasha.
Natasha is severely wounded.
Natasha barely misses you.
You barely miss Natasha.
Natasha is severely wounded.
Natasha claws you.
You hit Natasha.
Natasha is severely wounded.
Natasha hisses.
Natasha barely misses you. Natasha misses you.
You closely miss Natasha.
Natasha is severely wounded.
Natasha casts a spell at you.
You feel yourself slow down.
You barely miss Natasha.
Natasha is severely wounded.
Natasha closely misses you. Natasha claws you!
* * * LOW HITPOINT WARNING * * *
You closely miss Natasha.
Natasha is severely wounded.
Natasha mumbles some strange words.
You hit Natasha.
Natasha is almost dead.
Natasha stares at you and mumbles some strange words.
The magic dart hits you.
* * * LOW HITPOINT WARNING * * *
The shadow imp barely misses you. Natasha claws you but does no damage.
You closely miss Natasha.
Natasha is almost dead.
The shadow imp closely misses you. Natasha claws you.
You die...

.<....# ###..... ###.#
##.#.. .......... .........
...# #.... .#..######
#.#.....## #.## ##.#.# .#..#
#.##...#####..###.##.. .#..#
#......>..##.#...##### .#..#
#...............##
.#..########.........##.####
..............!...#####.#
##.####.####.##5@.# #.# #.#
# #.h..# #.# #.# .# .P..##.#
#.# #.####.###.... #.# ...
#............ #.. ...
##...#.###..P ...# #.#...#
### #..# #...### ..# ##.##


You could see Natasha and a shadow imp (summoned).

Vanquished Creatures
  An adder (D:2)
  2 dart slugs (D:2)
  10 endoplasms
  2 giant cockroaches (D:1)
  2 goblins (D:1)
  3 hobgoblins
  4 kobolds (D:1)
  2 ball pythons (D:1)
  4 frilled lizards (D:1)
  9 rats
39 creatures vanquished.

Notes
Turn   | Place    | Note
-------+----------+-------------------------------------------
     0 | D:1      | a11behringer the Gargoyle Reaver began the quest for the
                  | Orb.
     0 | D:1      | Reached XP level 1. HP: 12/12 MP: 3/3
   169 | D:1      | Found a faded altar of an unknown god.
   188 | D:1      | Reached XP level 2. HP: 16/17 MP: 5/5
   246 | D:1      | Prayed at the altar of an unknown god.
   246 | D:1      | Became a worshipper of Ignis, the Dying Flame
   506 | D:1      | Reached XP level 3. HP: 22/22 MP: 6/6
  1070 | D:2      | Found a sparkling altar of Nemelex Xobeh.
  1229 | D:2      | Identified the +0 hand axe "Yluge" {drain, +Blink rF+
                  | Stlth-}
  1273 | D:2      | Reached skill level 1 in Armour
  1336 | D:2      | Noticed Natasha
  1353 | D:2      | HP: 1/22 [Natasha/magic dart (2)]
  1354 | D:2      | Slain by Natasha

Illustrated notes

Levels and vault maps discovered:
D:1:      dpeg_arrival_arbitrary_c, layout_basic, basic_ecumenical_altar,
          serial_corexii_hall, chequers_hall_statues_corner_a,
          corexii_hall_statues_i, roderic_filled_cross, minmay_quantized
D:2:      layout_loops_ring, basic_altar, serial_undead, serial_undead_d,
          serial_undead_e, serial_undead_b, serial_undead_e, uniq_natasha

Skill      XL: |  1  2  3 |
---------------+----------+-----
Armour         | 1 |  1.1
Fighting       | |  2.5
Maces & Flails | |  3.6
Dodging        | |  1.9
Spellcasting   | |  2.2
Conjurations   | |  3.6

Action                     || total
---------------------------++-------
  Melee: Mace              ||   137
    Use: Scroll            ||     1
 Armour: Leather armour    ||    28
         Scale mail        ||    16
  Dodge: Dodged            ||    69

Table legend: (Time is in decaauts)
 A = Elapsed time spent in this place.
 B = Non-inter-level travel time spent in this place.
 C = Inter-level travel time spent in this place.
 D = Time resting spent in this place.
 E = Time spent auto-exploring this place.
 F = Levels seen in this place.
 G = Mean time per level.
                   A        B        C        D        E       F      G
               +--------+--------+--------+--------+--------+-----+--------+
         Total |   1387 |   1244 |    143 |      0 |    942 |   2 |  693.5 |
       Dungeon |   1387 |   1244 |    143 |      0 |    942 |   2 |  693.5 |
               +--------+--------+--------+--------+--------+-----+--------+

Top non-repeatable levels by time:
     D:1: 1005 daAuts
     D:2: 381 daAuts
